AoeStats
← LedgenP

Arena

507860694Analyzed
2v2 RM · 11d ago on Sep 20, 2026· 41m 36s· 4 players
Game mode
Random Map
Map size
Medium (4 player)
Population
200
Speed
Normal
Resources
Standard
Victory
Conquest
Starting age
Dark Age
Ending age
Imperial Age
RankedLock teamsTeams togetherTeam positionsShared explorationLock speedFull tech treeHidden civsTurbo modeCheats
Victory
Defeat
🇨🇦 Sicilians · Canada
951
+16
🇨🇦 Cumans · Canada
951
+16
🇺🇸 Portuguese · United States
964
-17
🇪🇨 Spanish · Ecuador
927
-15
LedgenP
10:14 Feudal Age
15:20 Castle Age
14:27 Double-Bit Axe
21:23 Stone Mining
30:26 Gold Mining
35:49 Wheelbarrow
38:28 Bloodlines
37:38 Light Cavalry
39:32 Scale Barding Armor
39:39 Husbandry
Ramb-0401
7:03 Loom
9:21 Feudal Age
10:05 Double-Bit Axe
19:14 Castle Age
Alyosha Fyodorovich
10:50 Feudal Age
15:12 Double-Bit Axe
23:49 Castle Age
21:43 Horse Collar
22:00 Gold Mining
24:23 Capped Ram
26:20 Wheelbarrow
28:54 Bow Saw
28:48 Heavy Plow
29:31 Gold Shaft Mining
35:08 Imperial Age
32:36 Stone Mining
36:53 Siege Ram
39:19 Hand Cart
40:06 Loom
40:07 Town Watch
40:45 Conscription
wertyu739
8:21 Loom
10:34 Feudal Age
14:23 Scale Mail Armor
14:27 Double-Bit Axe
23:52 Forging
23:26 Horse Collar
29:34 Scale Barding Armor
30:37 Bloodlines
32:31 Castle Age
30:44 Bloodlines
33:51 Fletching
34:20 Chain Mail Armor
34:40 Iron Casting
39:54 Chain Barding Armor
39:30 Bodkin Arrow
Connection lost

Rejoining the realm…

Still unreachable

The connection could not be restored.

Session expired

The server has moved on; the page needs a fresh start.